 Dungeon Crawl Stone Soup version 0.18.1-1-g2f07953 (webtiles) character file.

28712 Thackeray the Blocker (level 13, -15/117 HPs)
             Began as a Minotaur Fighter on Aug 10, 2016.
             Was a High Priest of Qazlal.
             Hit by a large rock thrown by a cyclops (32 damage)
             ... on level 14 of the Dungeon on Aug 11, 2016.
             The game lasted 02:13:16 (19023 turns).

Thackeray the Blocker (Minotaur Fighter)           Turns: 19023, Time: 02:13:16

Health: -15/117    AC: 16    Str: 20 (23) XL:     13   Next: 11%
Magic:  12/12      EV:  5    Int:  5 (8)  God:    Qazlal [*****.]
Gold:   803        SH: 26    Dex:  8 (10) Spells: 0 memorised, 12 levels left

rFire  + . .     SeeInvis .     R - +1 long sword (holy)
rCold  . . .     Gourm    .     c - +0 plate armour {rN+}
rNeg   + + .     Faith    +     Y - +0 large shield
rPois  +         Spirit   .     (helmet restricted)
rElec  .         Dismiss  .     (no cloak)
rCorr  .         Reflect  .     (no gloves)
SustAt .         Harm     .     H - +0 pair of boots
MR     .....                    z - amulet of faith
Stlth  ..........               E - ring of positive energy
                                J - ring of poison resistance

@: protected from fire, very slightly contaminated, repel missiles, drained, not
resistant to hostile enchantments, extremely unstealthy
A: retaliatory headbutt, horns 2
a: Upheaval, Elemental Force, Disaster Area, Renounce Religion


You were on level 14 of the Dungeon.
You worshipped Qazlal.
Qazlal was extremely pleased with you.
You were not hungry.

You visited 4 branches of the dungeon, and saw 18 of its levels.

You collected 1095 gold pieces.
You spent 292 gold pieces at shops.

Inventory:

Hand Weapons
 f - a +5 long sword
 L - the +1 quarterstaff of Doubt {speed, rF+++ rC+ Int+4 Stlth+}
   (You found it on level 9 of the Dungeon)

   Attacks with this weapon are significantly faster.
   It affects your intelligence (+4).
   It renders you almost immune to fire.
   It protects you from cold.
   It makes you more stealthy.
 R - a +1 long sword of holy wrath (weapon)
 U - the +1 trident of Xounkyrarch {flame, rPois SInv}
   (You found it on level 12 of the Dungeon)

   It has been specially enchanted to burn those struck by it, causing extra
   injury to most foes and up to half again as much damage against particularly
   susceptible opponents.
   It protects you from poison.
   It lets you see invisible.
Armour
 c - a +0 plate armour of positive energy (worn)
 H - a +0 pair of boots (worn)
 Y - a +0 large shield (worn)
Jewellery
 p - an uncursed ring of magical power
 s - an uncursed ring of flight
 z - an amulet of faith (around neck)
 E - a ring of positive energy (right hand)
 J - a ring of poison resistance (left hand)
 N - an uncursed ring of positive energy
 P - an uncursed amulet of the gourmand
 Q - an uncursed ring of poison resistance
 W - an uncursed ring of protection from cold {unknown}
Wands
 m - a wand of flame (27/48)
 u - a wand of disintegration (11/24)
 w - a wand of iceblast (0/15)
 B - a wand of lightning (5/15)
 X - a wand of flame (19/48)
Scrolls
 j - a scroll of amnesia
 k - 6 scrolls of magic mapping
 l - 2 scrolls of remove curse
 x - 3 scrolls of teleportation
 G - 7 scrolls of identify
 K - 2 scrolls of enchant weapon
 S - a scroll of immolation
 V - 2 scrolls of recharging
Potions
 d - 3 potions of might
 i - 5 potions of lignification
 q - a potion of curing
 v - a potion of brilliance
 T - 3 potions of resistance
Books
 a - a book of Minor Magic

   Spells                             Type                      Level
   a - Magic Dart                     Conjuration                  1
   b - Blink                          Translocation                2
   c - Call Imp                       Summoning                    2
   d - Repel Missiles                 Charms/Air                   2
   e - Slow                           Hexes                        2
   f - Conjure Flame                  Conjuration/Fire             3
   g - Mephitic Cloud                 Conjuration/Poison/Air       3
 y - a book of Necromancy

   Spells                             Type                      Level
   a - Pain                           Necromancy                   1
   b - Animate Skeleton               Necromancy                   1
   c - Vampiric Draining              Necromancy                   3
   d - Regeneration                   Charms/Necromancy            3
   e - Animate Dead                   Necromancy                   4
   f - Control Undead                 Necromancy                   4
 A - a book of Enchantments

   Spells                             Type                      Level
   a - Cause Fear                     Hexes                        4
   b - Yara's Violent Unravelling     Hexes/Transmutation          5
   c - Silence                        Hexes/Air                    5
   d - Deflect Missiles               Charms/Air                   6
   e - Haste                          Charms                       6
   f - Discord                        Hexes                        8
 D - a Fen Folio

   Spells                             Type                      Level
   a - Corpse Rot                     Necromancy                   2
   b - Stone Arrow                    Conjuration/Earth            3
   c - Leda's Liquefaction            Hexes/Earth                  4
   d - Summon Forest                  Summoning/Translocation      5
   e - Hydra Form                     Transmutation                6
   f - Summon Hydra                   Summoning                    7
 M - a book of Transfigurations

   Spells                             Type                      Level
   a - Irradiate                      Conjuration/Transmutation    5
   b - Statue Form                    Transmutation/Earth          6
   c - Hydra Form                     Transmutation                6
   d - Dragon Form                    Transmutation                7
 O - Bigylaet's Volume of Curses and Attacks
   (You found it on level 9 of the Dungeon)

   Spells                             Type                      Level
   a - Flame Tongue                   Conjuration/Fire             1
   b - Ensorcelled Hibernation        Hexes/Ice                    2
   c - Inner Flame                    Hexes/Fire                   3
Comestibles
 g - 2 slices of pizza
 h - 4 beef jerkies
 n - 9 royal jellies
 o - 3 bread rations
 r - 3 meat rations
 C - 13 fruits


   Skills:
 + Level 11.8(11.5) Fighting
 * Level 13.7(13.4) Long Blades
 - Level 1.2(0.9) Staves
 + Level 12.3(12.0) Armour
 - Level 3.5(3.2) Dodging
 - Level 1.0(0.7) Stealth
 + Level 14.9(14.5) Shields


You had 12 spell levels left.
You didn't know any spells.

Dungeon Overview and Level Annotations

Branches:
Dungeon (14/15)            Temple (1/1) D:7            Lair (1/8) D:11
    Orc (2/2) D:10
    Elf: Orc:2       Vaults: D:13-14

Altars:
Ashenzari
Cheibriados
Dithmenos
Elyvilon
Fedhas
Gozag
Kikubaaqudgha
Makhleb
Nemelex Xobeh
Okawaru
Pakellas
Qazlal
Ru
Sif Muna
Trog
Vehumet
Xom
Yredelemnul
Zin
The Shining One
Beogh

Shops:
D:8 ?   D:10 *

Annotations:
D:3 Edmund


Innate Abilities, Weirdness & Mutations

You reflexively headbutt those who attack you in melee.
You have a pair of horns on your head.


Message History

A cyclops comes into view.
You hit the orc sorcerer. You headbutt the orc sorcerer.
The orc sorcerer is severely wounded.
You hear a bellow!
The orc sorcerer hits you but does no damage.
The ogre mage gestures wildly while chanting.
The ogre mage blinks!
You slash the orc sorcerer!
The orc sorcerer is almost dead.
You hear a bellow!
The cyclops throws a large rock.
You block the large rock. You block the orc sorcerer's attack.
You hit the orc sorcerer but do no damage.
The orc sorcerer is almost dead.
The deep elf mage points at you and mumbles some strange words.
The bolt of lightning hits you! x2
* * * LOW HITPOINT WARNING * * *
A yak comes into view.
The cyclops throws a large rock.
The large rock hits you!!
You die...

......)(##.# #..#
#.#..≈≈#### ###.##)(##.#
#..# #.#.≈≈≈#... #
#§.##.# #... #..≈≈≈≈.[..
#).##.####.###
##.(≈≈≈≈p... #)§......#.#
###((((≈≈≈####
#)###.##.#.# #.....≈≈≈≈#
#..<#.# #.#
#.#.(((≈≈≈#### #####.#
#.####.###(....'... #.#
#.@....##......'...
#.#.##(#######.(.(..'...
Y...e..o.O....((((≈≈≈####
...#C###########.≈≈≈≈# #
#.≈≈≈≈# #.≈≈≈≈p..
#.≈≈≈≈p... ##.≈≈≈#...
##.≈≈####


You could see a cyclops and an orc sorcerer.

Vanquished Creatures
  The ghost of Pelerin the Blocker, a journeyman MiBe of Trog (D:12)
  The ghost of Pelerin the Basher, a novice MiFi of Okawaru (D:9)
  4 hill giants
  2 manticores (D:11)
  An ugly thing (D:11)
  6 cyclopes
  An orc sorcerer (Orc:1)
  Psyche (D:8)
  A spiny frog (Lair:1)
  2 komodo dragons (Lair:1)
  A queen bee (D:9)
  2 trolls
  5 blink frogs (Lair:1)
  A harpy skeleton (D:13)
  A two-headed ogre (D:9)
  7 slime creatures (D:12)
  A shadow (D:12)
  A wraith (D:12)
  2 wyverns
  13 yaks
  6 hippogriffs
  2 hungry ghosts
  10 vampire mosquitoes
  3 wargs (Orc:1)
  3 water moccasins
  3 soldier ants (D:12)
  A porcupine (Lair:1)
  5 sky beasts
  An eye of draining (D:12)
  9 orc warriors
  An ice beast (D:11)
  5 phantoms
  3 black bears
  10 centaurs
  A necrophage (D:6)
  10 ogres
  3 big kobolds
  13 giant frogs
  3 wyvern zombies
  A wyvern skeleton (D:12)
  4 scorpions
  35 killer bees
  A wight (D:12)
  7 howler monkeys
  12 crimson imps
  2 giant frog zombies (D:12)
  A centaur zombie (D:11)
  4 hounds
  2 jellies
  2 giant frog skeletons (D:12)
  13 orc priests
  Jessica (D:2)
  6 centaur skeletons
  Natasha (thrice) (D:2)
  7 iguanas
  14 worker ants
  14 orc wizards
  8 sheep (D:11)
  A hound zombie (D:6)
  A hound skeleton (D:10)
  2 worker ant zombies
  A howler monkey skeleton (D:8)
  6 gnolls
  17 river rats
  10 adders
  2 shadow imps
  2 adder zombies
  5 worms
  4 dart slugs
  4 giant geckos
  55 orcs
  4 ball pythons
  12 bats
  5 giant cockroaches
  9 goblins
  8 hobgoblins
  4 jackals
  5 quokkas
  A giant gecko skeleton (D:5)
  10 giant newts
  A jackal skeleton (D:7)
  25 kobolds
  16 rats
  8 fungi
  6 plants (D:11)
507 creatures vanquished.

Vanquished Creatures (others)
  An orc wizard (D:12)
  6 fungi
7 creatures vanquished.

Grand Total: 514 creatures vanquished

Notes
Turn   | Place    | Note
--------------------------------------------------------------
     0 | D:1      | Thackeray the Minotaur Fighter began the quest for the Orb.
     0 | D:1      | Reached XP level 1. HP: 19/19 MP: 0/0
    82 | D:1      | Reached XP level 2. HP: 27/27 MP: 1/1
   364 | D:1      | Reached XP level 3. HP: 32/33 MP: 2/2
   745 | D:2      | Reached skill level 4 in Shields
   763 | D:2      | Noticed Natasha
   780 | D:2      | Killed Natasha
   819 | D:2      | Reached XP level 4. HP: 7/40 MP: 3/3
  1083 | D:2      | Noticed Jessica
  1091 | D:2      | Killed Jessica
  1116 | D:2      | Reached skill level 1 in Dodging
  1150 | D:2      | Noticed Natasha
  1165 | D:2      | Killed Natasha
  1367 | D:2      | Noticed Natasha
  1384 | D:2      | Killed Natasha
  1384 | D:2      | Reached XP level 5. HP: 7/47 MP: 4/4
  2430 | D:3      | Reached skill level 5 in Armour
  2442 | D:3      | Found a snail-covered altar of Cheibriados.
  2843 | D:3      | Reached XP level 6. HP: 53/53 MP: 5/5
  2871 | D:4      | Noticed Edmund
  3234 | D:4      | Got a dazzling leather armour
  3245 | D:4      | Identified the cursed +0 leather armour "Vaseg" {rN+} (You found it on level 4 of the Dungeon)
  3490 | D:4      | Reached skill level 5 in Shields
  3681 | D:5      | Entered Level 5 of the Dungeon
  4311 | D:5      | Noticed a water moccasin
  4318 | D:5      | Killed a water moccasin
  4318 | D:5      | Reached skill level 5 in Long Blades
  4318 | D:5      | Reached skill level 1 in Stealth
  4318 | D:5      | Reached XP level 7. HP: 60/60 MP: 6/6
  4784 | D:6      | Reached skill level 5 in Fighting
  5249 | D:6      | Reached skill level 6 in Shields
  5249 | D:6      | Reached XP level 8. HP: 34/69 MP: 7/7
  5463 | D:6      | Found a sparkling altar of Nemelex Xobeh.
  6068 | D:7      | Found a staircase to the Ecumenical Temple.
  6167 | Temple   | Entered the Ecumenical Temple
  6335 | Temple   | Became a worshipper of Qazlal Stormbringer
  6842 | D:7      | Reached XP level 9. HP: 73/78 MP: 8/8
  7164 | D:8      | Reached skill level 7 in Shields
  7459 | D:8      | Reached * piety under Qazlal
  8087 | D:8      | Noticed Psyche
  8096 | D:8      | Killed Psyche
  8096 | D:8      | Reached skill level 8 in Shields
  8608 | D:8      | Found Pilu's Magic Scroll Shoppe.
  8628 | D:8      | Bought a scroll of enchant weapon for 112 gold pieces
  8628 | D:8      | Bought a scroll of teleportation for 45 gold pieces
  8628 | D:8      | Bought a scroll of teleportation for 45 gold pieces
  8628 | D:8      | Bought a scroll of identify for 30 gold pieces
  8628 | D:8      | Bought 2 scrolls of identify for 60 gold pieces
  8698 | D:8      | Found a blossoming altar of Fedhas.
  8735 | D:8      | Found a stormy altar of Qazlal.
  8899 | D:9      | Reached ** piety under Qazlal
  8901 | D:9      | Reached XP level 10. HP: 70/89 MP: 9/9
  8909 | D:9      | Reached skill level 9 in Shields
  9021 | D:9      | Got a pitted quarterstaff
  9027 | D:9      | Identified the +1 quarterstaff of Doubt {speed, rF+++ rC+ Int+4 Stlth+} (You found it on level 9 of the Dungeon)
  9071 | D:9      | Reached skill level 1 in Staves
  9080 | D:9      | Reached skill level 10 in Armour
  9186 | D:9      | Noticed Pelerin's ghost (novice MiFi)
  9218 | D:9      | Killed Pelerin's ghost
  9868 | D:9      | Reached *** piety under Qazlal
  9868 | D:9      | Reached skill level 10 in Shields
  9996 | D:9      | Identified Bigylaet's Volume of Curses and Attacks
 10225 | D:9      | Reached skill level 10 in Long Blades
 10584 | D:10     | Entered Level 10 of the Dungeon
 10731 | D:10     | Found a staircase to the Orcish Mines.
 10757 | D:10     | Reached skill level 11 in Shields
 10757 | D:10     | Reached XP level 11. HP: 77/98 MP: 10/10
 10767 | D:10     | Reached **** piety under Qazlal
 10814 | D:10     | Noticed a hill giant
 10826 | D:10     | Killed a hill giant
 10941 | D:10     | Reached skill level 10 in Fighting
 11249 | D:10     | Found a roughly hewn altar of Beogh.
 11249 | D:10     | Found Meufin's Assorted Antiques.
 11689 | D:11     | Reached skill level 12 in Shields
 11844 | D:11     | Reached ***** piety under Qazlal
 11966 | D:11     | Noticed a green ugly thing
 11992 | D:11     | Killed a green ugly thing
 12094 | D:11     | Found a staircase to the Lair.
 12105 | Lair:1   | Entered Level 1 of the Lair of Beasts
 12172 | Lair:1   | Noticed a seven-headed hydra
 12323 | Lair:1   | HP: 3/100 [nine-headed hydra (5)]
 12790 | Lair:1   | Reached skill level 13 in Shields
 13243 | D:11     | Reached XP level 12. HP: 91/108 MP: 11/11
 13774 | Orc:1    | Entered Level 1 of the Orcish Mines
 14115 | Orc:2    | Entered Level 2 of the Orcish Mines
 14126 | Orc:2    | Noticed an orc warlord
 14297 | Orc:1    | HP: 4/110 [orc priest/divine providence (16)]
 14824 | D:12     | Noticed Pelerin's ghost (journeyman MiBe)
 14865 | D:12     | Killed Pelerin's ghost
 15357 | D:12     | Reached skill level 14 in Shields
 16013 | D:12     | Got a bloodstained trident
 16069 | D:12     | Identified the +1 trident of Xounkyrarch {flame, rPois SInv} (You found it on level 12 of the Dungeon)
 17273 | D:13     | Reached XP level 13. HP: 114/117 MP: 12/12
 18945 | D:14     | Noticed a vault guard
 18975 | D:14     | Noticed a vault guard
 19023 | D:14     | Hit by a large rock thrown by a cyclops

Skill      XL: |  1  2  3  4  5  6  7  8  9 10 11 12 |
---------------+-------------------------------------+-----
Long Blades    | 3 4 5 6 7 9 10 11 13 | 13.7
Armour         | 4 5 6 7 8 9 10 11 12 | 12.3
Shields        | 4 5 6 8 11 13 14 | 14.9
Fighting       | 4 5 7 8 9 10 11 | 11.8
Dodging        | 1 2 3 |  3.5
Stealth        | 1 |  1.0
Staves         | 1 |  1.2

Action                   |  1- 3 |  4- 6 |  7- 9 | 10-12 | 13-15 || total
-------------------------+-------+-------+-------+-------+-------++-------
Melee: Long sword        |    84 |   199 |   336 |   996 |    93 ||  1708
       Headbutt          |    11 |    32 |    48 |   230 |    23 ||   344
       Quarterstaff      |       |       |       |    46 |       ||    46
Evoke: Wand              |       |       |     4 |     4 |       ||     8
  Use: Scroll            |       |     6 |     8 |    12 |       ||    26
       Potion            |       |       |       |     4 |     8 ||    12
 Stab: Distracted        |       |       |     1 |       |       ||     1
  Eat: Chunk             |       |     6 |     4 |     9 |     4 ||    23
       Bread ration      |       |     1 |     2 |     1 |       ||     4
       Meat ration       |       |       |     1 |     1 |     1 ||     3
       Royal jelly       |       |       |       |     2 |       ||     2
       Fruit             |       |       |       |     6 |     1 ||     7
Armor: Scale mail        |    45 |    29 |       |       |       ||    74
       Chain mail        |       |    41 |    36 |       |       ||    77
       Plate armour      |       |       |    86 |   364 |    17 ||   467
Dodge: Dodged            |    26 |    57 |    71 |   169 |     2 ||   325
       Deflected         |       |       |       |     5 |     4 ||     9
Block: Shield            |    47 |    79 |   186 |   371 |       ||   683
       Other             |       |       |       |     3 |       ||     3
       Large shield      |       |       |       |   689 |    85 ||   774
